 Dungeon Crawl Stone Soup version 0.25.0-1-g7eea58d2a3 (webtiles) character file.

Game seed: 15728320992442124315

30 Peloso the Skirmisher (level 3, -14/29 HPs)
             Began as a Demonspawn Fighter on June 14, 2020.
             Killed by divine providence
             ... invoked by an orc priest
              (16 damage)
             ... on level 1 of the Dungeon.
             The game lasted 00:02:00 (851 turns).

Peloso the Skirmisher (Demonspawn Fighter)           Turns: 851, Time: 00:02:01

Health: -14/29     AC:  9    Str: 17    XL:     3   Next: 5%
Magic:  3/3        EV:  4    Int:  9    God:
Gold:   50         SH:  0    Dex: 12    Spells: 2/2 levels left

rFire    . . .     SeeInvis .   a - +0 long sword
rCold    . . .     Gourm    .   c - +0 kite shield
rNeg     . . .     Faith    .   k - +0 chain mail
rPois    .         Spirit   .   (no helmet)
rElec    .         Reflect  .   (no cloak)
rCorr    .         Harm     .   (no gloves)
MR       .....                  (no boots)
Stlth    ..........             (no amulet)
HPRegen  0.09/turn              (no ring)
MPRegen  0.08/turn              (no ring)

@: confused, hasted, very quick
A: nightstalker 1, spiny 1
a: no special abilities


You were on level 1 of the Dungeon.
You were not hungry.

You visited 1 branch of the dungeon, and saw 2 of its levels.

You collected 50 gold pieces.

Inventory:

Hand Weapons
 a - a +0 long sword (weapon)
Armour
 b - a +0 scale mail
 c - a +0 kite shield (worn)
 k - a +0 chain mail (worn)
Scrolls
 e - a scroll of fear {unknown}
 g - 4 scrolls of remove curse {unknown}
 h - a scroll of identify {unknown}
 j - a scroll of immolation {unknown}
 n - 2 scrolls of enchant weapon {unknown}
Potions
 d - a potion of might
 m - a potion of haste
Comestibles
 f - 3 rations
 i - a chunk of flesh


   Skills:
 + Level 3.4 Fighting
 + Level 2.1 Long Blades
 + Level 3.0 Armour
 + Level 3.0 Shields


You had 2 spell levels left.
You didn't know any spells.
Your spell library was empty.

Dungeon Overview and Level Annotations

Branches:
Dungeon (2/15)

Altars:


Innate Abilities, Weirdness & Mutations

You are slightly more attuned to the shadows.
You are partially covered in sharp spines.


Message History

Your chain mail prevents you from hitting the orc priest.
The orc priest is almost dead.
The orc priest invokes the aid of Beogh against you.
Beogh smites you!
* * * LOW HITPOINT WARNING * * *
The orc wizard hits you but does no damage.
The orc priest barely misses you.
The orc wizard is struck by your spines.
The orc wizard hits you but does no damage.
It was a potion of haste.
You feel yourself speed up.
The orc priest hits you with a +0 dagger.
* * * LOW HITPOINT WARNING * * *
The orc wizard hits you but does no damage.
It was a potion of magic.
Magic courses through your body.
You miss the orc wizard.
The orc wizard is moderately wounded.
The orc priest calls down the wrath of Beogh upon you.
Beogh smites you!
Ouch! That really hurt!
You die...

######## #......#
####......###
.....(....'.#################
####......#.#..o@o..........#
#......#.#.#############.#
########.#..#........# #.#
#.#..#.######.# #.# #.#..#.#
#.# #.# #.#..#.# #.# #.#
###########.####.# #.# #.#
.......)....#.##.# #.# #.#
#############.##.# #.# #.#


You could see an orc priest and an orc wizard.

Vanquished Creatures
  An ooze (D:1)
  A dart slug (D:1)
  A leopard gecko (D:1)
  A giant cockroach (D:1)
  A goblin (D:1)
  3 hobgoblins (D:1)
  6 kobolds (D:1)
  4 bats (D:1)
  2 frilled lizards (D:1)
  2 rats (D:1)
22 creatures vanquished.

Notes
Turn   | Place    | Note
-------+----------+-------------------------------------------
     0 | D:1      | Peloso the Demonspawn Fighter began the quest for the Orb.
     0 | D:1      | Reached XP level 1. HP: 18/18 MP: 1/1
   332 | D:1      | Gained mutation: You are slightly more attuned to the
                  | shadows. [demonic ancestry]
   332 | D:1      | Reached XP level 2. HP: 24/24 MP: 2/2
   713 | D:1      | Gained mutation: You are partially covered in sharp spines.
                  | [demonic ancestry]
   713 | D:1      | Reached XP level 3. HP: 29/29 MP: 3/3
   851 | D:1      | Killed from afar by an orc priest

Illustrated notes

Levels and vault maps discovered:
D:1:      evilmike_arrival_crescent, layout_basic, minmay_cut_off
D:2:      layout_rooms, nicolae_ru_great_annihilating_truth,
          lemuel_coloured_pillars_altar

Skill      XL: |  1  2 |
---------------+-------+-----
Shields        | 3 |  3.0
Armour         | 3 |  3.0
Long Blades    | 2 |  2.1
Fighting       | |  3.4

Action                   || total
-------------------------++-------
Melee: Long sword        ||    92
  Use: Potion            ||     2
Armor: Scale mail        ||     8
       Chain mail        ||    54
Dodge: Dodged            ||    33
Block: Kite shield       ||    42
       Rpst.: Long sword ||     7
